Canadiens vs Panthers

Created - December-16-12 at 10:57

Goals
1 2 3 OT1 SO T
Canadiens 1 0 3 0 0 4
Panthers 2 0 2 0 2 5
Shots
1 2 3 OT1 SO T
Canadiens 12 8 8 3 2 31
Panthers 6 5 6 2 2 19

1st period

1. Panthers , Colin Greening 3 (Kevin Klein, Niklas Kronwall) at 2:25
2. Canadiens , Jonathan Toews 18 (Derek Morris, Andy McDonald) at 17:36
3. Panthers , Niklas Kronwall 8 (Luca Sbisa, Dave Bolland) at 19:20 (PP)

Penalties :
Andrew Cogliano (FLA) for Holding (Minor) at 4:25, Kyle Quincey (FLA) for Slashing (Minor) at 9:52, Lee Stempniak (FLA) for Holding (Minor) at 14:22, Travis Hamonic (MTL) for Elbowing (Minor) at 18:15, David Clarkson (MTL) for Interference (Minor) at 19:52

2nd period

No Goal

Penalties :
Colin Greening (FLA) for Roughing (Minor) at 1:58, Kyle Quincey (FLA) for Hooking (Minor) at 15:11

3rd period

4. Panthers , Dave Bolland 11 (Kevin Klein, Clarke MacArthur) at 0:13
5. Canadiens , Jonathan Toews 19 (Andy McDonald, David Clarkson) at 0:35
6. Panthers , Clarke MacArthur 3 (Niklas Kronwall) at 1:17
7. Canadiens , Andrei Kostitsyn 2 (Alex Goligoski, Brandon Dubinsky) at 10:33
8. Canadiens , Pascal Dupuis 6 (Dustin Byfuglien, Derek Morris) at 16:47

Penalties :
Travis Hamonic (MTL) for High sticking (Minor) at 3:19, Andrew Cogliano (FLA) for Roughing (Minor) at 18:00

Overtime #1

No Goal

Penalties :
No Penalty

Shootout

Penalty Shot by Pavel Datsyuk for Canadiens - Stopped by Semyon Varlamov
Penalty Shot by Jiri Hudler for Panthers - Goal!
Penalty Shot by Jonathan Toews for Canadiens - Shot Misses the Net
Penalty Shot by Daniel Alfredsson for Panthers - Goal!

Penalties :
No Penalty

Goalie Stats

Curtis Sanford (MTL), 6 saves from 6 shots - (1.000), OTL, 0-1-2, 23:43 minutes
Jonas Hiller (MTL), 9 saves from 13 shots - (0.692), 41:17 minutes
Semyon Varlamov (FLA), 27 saves from 31 shots - (0.871), W, 7-1-0, 65:00 minutes

Players Stats for Canadiens

Player Name              G  A  P  +/- PIM S  H  SB GA TA FO     MP     PP MP  PK MP  
------------------------------------------------------------------------------------
Alex Goligoski           0  1  1   0  0   0  1  1  0  0  0/0    12:57   0:00   0:03 
Andrei Kostitsyn         1  0  1   0  0   2  0  0  0  0  0/0    11:24   0:00   0:00 
Andy McDonald            0  2  2   2  0   0  0  0  0  0  0/2    20:13   5:48   1:06 
Boyd Gordon              0  0  0   0  0   1  0  0  0  0  2/4     7:22   0:00   0:00 
Brandon Dubinsky         0  1  1   0  0   1  6  0  0  0  2/2    11:28   0:04   0:00 
Cal Clutterbuck          0  0  0   0  0   0  0  0  0  0  0/0     7:22   0:00   0:00 
David Clarkson           0  1  1   2  2   1  3  0  0  0  2/2    16:41   5:48   0:00 
Derek Morris             0  2  2   3  0   1  0  1  0  0  0/0    23:49   5:07   1:49 
Dustin Byfuglien         0  1  1   3  0   1  0  1  0  0  0/0    24:50   5:07   2:50 
Jonathan Toews           2  0  2   2  0   7  1  0  0  0  15/20  23:10   5:44   3:57 
Jordan Eberle            0  0  0  -1  0   2  0  0  0  0  1/2    19:29   6:06   0:00 
Logan Couture            0  0  0   0  0   2  0  0  0  0  6/12   11:58   0:34   0:00 
Marc-Edouard Vlasic      0  0  0  -2  0   0  0  4  0  0  0/0    28:14   6:47   3:11 
Mason Raymond            0  0  0   0  0   2  0  0  0  0  0/1     7:22   0:00   0:00 
Pascal Dupuis            1  0  1  -1  0   2  4  0  0  0  1/5    23:00   6:06   1:06 
Pavel Datsyuk            0  0  0  -1  0   8  1  0  0  0  17/30  25:27   5:32   3:57 
TJ Brodie                0  0  0   0  0   1  0  0  0  0  0/0    14:17   0:00   1:23 
Travis Hamonic           0  0  0  -2  4   0  5  1  0  0  0/0    25:51   6:47   0:50 

Players Stats for Panthers

Player Name              G  A  P  +/- PIM S  H  SB GA TA FO     MP     PP MP  PK MP  
------------------------------------------------------------------------------------
Andrew Cogliano          0  0  0  -1  4   0  1  0  0  0  2/9     9:38   0:00   0:00 
Andy Greene              0  0  0  -2  0   0  0  3  0  0  0/0    19:45   0:00   5:46 
Clarke MacArthur         1  1  2   2  0   3  1  0  0  0  0/0    13:38   0:00   0:23 
Colin Greening           1  0  1   0  2   1  3  0  0  0  1/1     6:32   0:00   0:00 
Craig Smith              0  0  0  -1  0   0  0  1  0  0  1/2    11:48   0:00   0:10 
Daniel Alfredsson        0  0  0  -2  0   3  0  1  0  0  2/8    23:25   3:07   6:15 
Dave Bolland             1  1  2   2  0   1  1  0  0  0  14/30  23:28   1:56   5:29 
Jiri Hudler              0  0  0   2  0   0  1  0  0  0  0/0    16:22   3:07   0:00 
Johnny Oduya             0  0  0  -1  0   0  1  1  0  0  0/0    19:29   2:03   1:57 
Kevin Klein              0  2  2   2  0   0  1  1  0  0  0/0    23:57   0:00   5:36 
Kyle Quincey             0  0  0  -2  4   2  8  3  0  0  0/0    23:46   2:03   3:58 
Lee Stempniak            0  0  0   0  2   0  0  0  0  0  0/1     6:18   0:00   0:00 
Luca Sbisa               0  1  1  -1  0   1  2  1  0  0  0/0    15:27   3:00   0:32 
Niklas Kronwall          1  2  3   2  0   2  3  0  0  0  0/0    27:34   3:00   5:59 
Ryan Smyth               0  0  0  -2  0   1  3  0  0  0  1/2    23:49   1:56   5:16 
Sam Gagner               0  0  0  -2  0   1  1  0  0  0  10/19  16:56   3:07   0:00 
Tim Stapleton            0  0  0   0  0   1  0  0  0  0  2/5     6:19   0:00   0:00 
Viktor Stalberg          0  0  0  -1  0   3  1  0  0  0  1/3    19:49   1:56   6:15 

3 Stars

1 - Niklas Kronwall (FLA)
2 - Jonathan Toews (MTL)
3 - Clarke MacArthur (FLA)

Power Play

Canadiens - 0 on 6 Attempt(s) - 0.00%
Panthers - 1 on 3 Attempt(s) - 33.33%

Penalty Kill

Canadiens - 2 on 3 Attempt(s) - 66.67% - Score 0 goal in Penalty Kill
Panthers - 6 on 6 Attempt(s) - 100.00% - Score 0 goal in Penalty Kill

Official

Referees : Tim Peel and Greg Kimmerly
Linesman : Derek Amell and Mark Wheler

Game Notes

Curtis Sanford enters game at 1:17 of 3rd period

Finance

Level 1 -- Attendance: 6000 (100.00%) -- Ticket Income $600,000
Level 2 -- Attendance: 5000 (100.00%) -- Ticket Income $350,000
Level 3 -- Attendance: 3208 (91.66%) -- Ticket Income $176,440
Level 4 -- Attendance: 3349 (89.31%) -- Ticket Income $83,725
Luxury Box -- Attendance: 1000 (100.00%) -- Ticket Income $180,000
Game was played at the BankAtlantic Center
Total Attendance: 18557 (96.40%)
Total Ticket Income: $1,390,165
Other Income: $208,525
Total Income: $1,598,690


% Time on Ice - Canadiens

Lines # - Real PCT - Wanted PCT - Time Play
Normal Forward
1 - 31% - 40% - 13:23
2 - 25% - 30% - 10:54
3 - 26% - 20% - 11:24
4 - 17% - 10% - 7:22
Normal Defense
1 - 36% - 40% - 15:41
2 - 34% - 30% - 14:28
3 - 30% - 20% - 12:54
4 - 0% - 10% - 0:00
PP Forward
1 - 51% - 60% - 6:06
2 - 49% - 40% - 5:48
PP Defense
1 - 57% - 60% - 6:47
2 - 43% - 40% - 5:07
PK Forward
1 - 78% - 60% - 3:57
2 - 22% - 40% - 1:06
PK Defense
1 - 64% - 60% - 3:14
2 - 36% - 40% - 1:49
PK3 Forward
1 - 0% - 60%
2 - 0% - 40%
PK3 Defense
1 - 0% - 60%
2 - 0% - 40%
44 Forward
1 - 52% - 60% - 2:35
2 - 48% - 40% - 2:25
44 Defense
1 - 52% - 60% - 2:35
2 - 48% - 40% - 2:25
Last Minute Offensive  - 0:00
Last Minute Defensive  - 0:00
Total
Forward - 65:00
Defense - 65:00

% Time on Ice - Panthers

Lines # - Real PCT - Wanted PCT - Time Play
Normal Forward
1 - 32% - 32% - 13:49
2 - 31% - 30% - 13:15
3 - 22% - 25% - 9:40
4 - 15% - 13% - 6:19
Normal Defense
1 - 37% - 33% - 15:46
2 - 31% - 30% - 13:18
3 - 26% - 25% - 11:19
4 - 6% - 12% - 2:40
PP Forward
1 - 62% - 55% - 3:07
2 - 38% - 45% - 1:56
PP Defense
1 - 59% - 60% - 3:00
2 - 41% - 40% - 2:03
PK Forward
1 - 46% - 50% - 5:25
2 - 54% - 50% - 6:29
PK Defense
1 - 47% - 60% - 5:36
2 - 53% - 40% - 6:18
PK3 Forward
1 - 0% - 50%
2 - 0% - 50%
PK3 Defense
1 - 0% - 60%
2 - 0% - 40%
44 Forward
1 - 61% - 60% - 3:02
2 - 39% - 40% - 1:58
44 Defense
1 - 56% - 60% - 2:49
2 - 44% - 40% - 2:11
Last Minute Offensive  - 0:00
Last Minute Defensive  - 0:00
Total
Forward - 65:00
Defense - 65:00

Play by Play

1st period


0:01 of 1st period - Pavel Datsyuk wins face-off versus Sam Gagner in neutral zone.
0:35 of 1st period - Shot by Daniel Alfredsson.
0:35 of 1st period - Stopped by Jonas Hiller with a rebound.
0:37 of 1st period - Shot by Ryan Smyth.
0:37 of 1st period - Shot Blocked by Marc-Edouard Vlasic.
0:39 of 1st period - Shot by Daniel Alfredsson.
0:39 of 1st period - Stopped by Jonas Hiller without a rebound.
0:40 of 1st period - Jonathan Toews wins face-off versus Dave Bolland in Canadiens zone.
1:39 of 1st period - Craig Smith is hit by Brandon Dubinsky and loses puck.
2:03 of 1st period - Icing by Logan Couture.
2:04 of 1st period - Tim Stapleton wins face-off versus Logan Couture in Canadiens zone.
2:20 of 1st period - Kevin Klein is hit by Brandon Dubinsky and loses puck.
2:25 of 1st period - Shot by Colin Greening.
2:25 of 1st period - Goal by Colin Greening - Canadiens : 0 - Panthers : 1.
2:26 of 1st period - Sam Gagner wins face-off versus Pascal Dupuis in neutral zone.
3:46 of 1st period - Shot by Dave Bolland.
3:46 of 1st period - Shot Misses the Net.
4:18 of 1st period - Jonathan Toews is hit by Clarke MacArthur and loses puck.
4:24 of 1st period - Icing by Alex Goligoski.
4:25 of 1st period - Jonathan Toews wins face-off versus Andrew Cogliano in Canadiens zone.
4:25 of 1st period - Minor Penalty to Andrew Cogliano for Holding.
4:26 of 1st period - Pascal Dupuis wins face-off versus Daniel Alfredsson in Panthers zone.
5:44 of 1st period - Shot by Dustin Byfuglien.
5:44 of 1st period - Stopped by Semyon Varlamov without a rebound.
5:45 of 1st period - Jonathan Toews wins face-off versus Daniel Alfredsson in Panthers zone.
5:46 of 1st period - Shot by Andy McDonald.
5:46 of 1st period - Shot Misses the Net.
5:48 of 1st period - Shot by Jonathan Toews.
5:48 of 1st period - Stopped by Semyon Varlamov without a rebound.
5:49 of 1st period - Jonathan Toews wins face-off versus Daniel Alfredsson in Panthers zone.
7:09 of 1st period - Shot by Brandon Dubinsky.
7:09 of 1st period - Shot Misses the Net.
7:51 of 1st period - Shot by Luca Sbisa.
7:51 of 1st period - Stopped by Jonas Hiller without a rebound.
7:52 of 1st period - Jonathan Toews wins face-off versus Sam Gagner in Canadiens zone.
7:52 of 1st period - Jonathan Toews is hit by Ryan Smyth.
8:10 of 1st period - Jonathan Toews is hit by Ryan Smyth and loses puck.
8:27 of 1st period - Shot by Jonathan Toews.
8:27 of 1st period - Shot Hit the Post.
9:15 of 1st period - Shot by Boyd Gordon.
9:15 of 1st period - Deflect By Mason Raymond.
9:15 of 1st period - Stopped by Semyon Varlamov without a rebound.
9:16 of 1st period - Pavel Datsyuk wins face-off versus Andrew Cogliano in Panthers zone.
9:16 of 1st period - Jordan Eberle is hit by Kyle Quincey and loses puck.
9:25 of 1st period - Shot by Pavel Datsyuk.
9:25 of 1st period - Shot Misses the Net.
9:27 of 1st period - Shot by Alex Goligoski.
9:27 of 1st period - Shot Blocked by Kyle Quincey.
9:41 of 1st period - Shot by Pavel Datsyuk.
9:41 of 1st period - Shot Hit the Post.
9:43 of 1st period - Shot by Jordan Eberle.
9:43 of 1st period - Shot Blocked by Andy Greene.
9:45 of 1st period - Shot by Pascal Dupuis.
9:45 of 1st period - Shot Misses the Net.
9:47 of 1st period - Shot by Pascal Dupuis.
9:47 of 1st period - Shot Blocked by Kyle Quincey.
9:49 of 1st period - Shot by Pavel Datsyuk.
9:49 of 1st period - Stopped by Semyon Varlamov with a rebound.
9:51 of 1st period - Shot by TJ Brodie.
9:51 of 1st period - Shot Misses the Net.
9:52 of 1st period - Minor Penalty to Kyle Quincey for Slashing.
9:53 of 1st period - Jonathan Toews wins face-off versus Dave Bolland in Panthers zone.
11:15 of 1st period - Shot by Pavel Datsyuk.
11:15 of 1st period - Shot Blocked by Andy Greene.
12:46 of 1st period - Shot by Clarke MacArthur.
12:46 of 1st period - Stopped by Jonas Hiller without a rebound.
12:47 of 1st period - Sam Gagner wins face-off versus Boyd Gordon in Canadiens zone.
13:09 of 1st period - Travis Hamonic is hit by Kyle Quincey and loses puck.
13:12 of 1st period - Shot by Boyd Gordon.
13:12 of 1st period - Shot Blocked by Johnny Oduya.
13:23 of 1st period - Travis Hamonic is hit by Ryan Smyth.
13:36 of 1st period - Icing by Marc-Edouard Vlasic.
13:37 of 1st period - Boyd Gordon wins face-off versus Andrew Cogliano in Canadiens zone.
14:09 of 1st period - Shot by Pavel Datsyuk.
14:09 of 1st period - Stopped by Semyon Varlamov without a rebound.
14:10 of 1st period - Dave Bolland wins face-off versus Jonathan Toews in Panthers zone.
14:20 of 1st period - Off-side.
14:21 of 1st period - Pavel Datsyuk wins face-off versus Tim Stapleton in neutral zone.
14:21 of 1st period - Pavel Datsyuk is hit by Colin Greening.
14:22 of 1st period - Minor Penalty to Lee Stempniak for Holding.
14:23 of 1st period - Daniel Alfredsson wins face-off versus Pavel Datsyuk in Panthers zone.
15:30 of 1st period - Icing by Jonathan Toews.
15:31 of 1st period - Jonathan Toews wins face-off versus Viktor Stalberg in Canadiens zone.
15:48 of 1st period - Shot by Jonathan Toews.
15:48 of 1st period - Stopped by Semyon Varlamov with a rebound.
15:50 of 1st period - Shot by David Clarkson.
15:50 of 1st period - Shot Misses the Net.
15:52 of 1st period - Shot by Andy McDonald.
15:52 of 1st period - Shot Misses the Net.
16:38 of 1st period - Logan Couture is hit by Luca Sbisa.
16:56 of 1st period - Shot by Brandon Dubinsky.
16:56 of 1st period - Stopped by Semyon Varlamov without a rebound.
16:57 of 1st period - Sam Gagner wins face-off versus Pavel Datsyuk in Panthers zone.
17:28 of 1st period - Icing by Johnny Oduya.
17:29 of 1st period - Jonathan Toews wins face-off versus Sam Gagner in Panthers zone.
17:36 of 1st period - Shot by Jonathan Toews.
17:36 of 1st period - Goal by Jonathan Toews - Canadiens : 1 - Panthers : 1.
17:37 of 1st period - Dave Bolland wins face-off versus Jonathan Toews in neutral zone.
17:37 of 1st period - Jiri Hudler is hit by David Clarkson and loses puck.
17:43 of 1st period - Icing by Jiri Hudler.
17:44 of 1st period - Pavel Datsyuk wins face-off versus Dave Bolland in Panthers zone.
17:51 of 1st period - Shot by Pavel Datsyuk.
17:51 of 1st period - Stopped by Semyon Varlamov without a rebound.
17:52 of 1st period - Pavel Datsyuk wins face-off versus Dave Bolland in Panthers zone.
18:15 of 1st period - Minor Penalty to Travis Hamonic for Elbowing.
18:16 of 1st period - Pavel Datsyuk wins face-off versus Daniel Alfredsson in Canadiens zone.
18:16 of 1st period - Pavel Datsyuk is hit by Sam Gagner.
18:54 of 1st period - Shot by Pavel Datsyuk.
18:54 of 1st period - Stopped by Semyon Varlamov without a rebound.
18:55 of 1st period - Pavel Datsyuk wins face-off versus Dave Bolland in Panthers zone.
19:10 of 1st period - Shot by Pavel Datsyuk.
19:10 of 1st period - Stopped by Semyon Varlamov without a rebound.
19:11 of 1st period - Dave Bolland wins face-off versus Pascal Dupuis in Panthers zone.
19:20 of 1st period - Shot by Niklas Kronwall.
19:20 of 1st period - Goal by Niklas Kronwall - Canadiens : 1 - Panthers : 2.
19:21 of 1st period - Logan Couture wins face-off versus Lee Stempniak in neutral zone.
19:32 of 1st period - Shot by Logan Couture.
19:32 of 1st period - Stopped by Semyon Varlamov without a rebound.
19:33 of 1st period - Dave Bolland wins face-off versus Andy McDonald in Panthers zone.
19:33 of 1st period - Dave Bolland is hit by David Clarkson.
19:45 of 1st period - Shot by Dave Bolland.
19:45 of 1st period - Shot Blocked by Marc-Edouard Vlasic.
19:52 of 1st period - Minor Penalty to David Clarkson for Interference.
19:53 of 1st period - Pavel Datsyuk wins face-off versus Sam Gagner in Canadiens zone.
19:59 of 1st period - Icing by Kyle Quincey.

2nd period


0:01 of 2nd period - Jonathan Toews wins face-off versus Sam Gagner in neutral zone.
0:56 of 2nd period - Shot by Johnny Oduya.
0:56 of 2nd period - Shot Blocked by Travis Hamonic.
0:58 of 2nd period - Shot by Ryan Smyth.
0:58 of 2nd period - Deflect By Viktor Stalberg.
0:58 of 2nd period - Shot Misses the Net.
1:21 of 2nd period - Shot by Kyle Quincey.
1:21 of 2nd period - Stopped by Jonas Hiller without a rebound.
1:22 of 2nd period - Sam Gagner wins face-off versus Pascal Dupuis in Canadiens zone.
1:58 of 2nd period - Minor Penalty to Colin Greening for Roughing.
1:59 of 2nd period - Pavel Datsyuk wins face-off versus Ryan Smyth in Panthers zone.
2:31 of 2nd period - Shot by Travis Hamonic.
2:31 of 2nd period - Shot Blocked by Andy Greene.
3:35 of 2nd period - Shot by Viktor Stalberg.
3:35 of 2nd period - Stopped by Jonas Hiller with a rebound.
4:09 of 2nd period - Shot by Tim Stapleton.
4:09 of 2nd period - Shot Blocked by Alex Goligoski.
4:27 of 2nd period - Shot by Mason Raymond.
4:27 of 2nd period - Stopped by Semyon Varlamov without a rebound.
4:28 of 2nd period - Dave Bolland wins face-off versus Logan Couture in Panthers zone.
4:53 of 2nd period - Logan Couture is hit by Johnny Oduya and loses puck.
4:57 of 2nd period - Andrei Kostitsyn is hit by Kyle Quincey and loses puck.
5:25 of 2nd period - Kyle Quincey is hit by Travis Hamonic and loses puck.
7:04 of 2nd period - Shot by Pavel Datsyuk.
7:04 of 2nd period - Shot Misses the Net.
7:17 of 2nd period - Icing by Andy Greene.
7:18 of 2nd period - Logan Couture wins face-off versus Sam Gagner in Panthers zone.
7:34 of 2nd period - Andy Greene is hit by Brandon Dubinsky and loses puck.
8:26 of 2nd period - Shot by Niklas Kronwall.
8:26 of 2nd period - Shot Hit the Post.
8:32 of 2nd period - Shot by Craig Smith.
8:32 of 2nd period - Deflect By Viktor Stalberg.
8:32 of 2nd period - Stopped by Jonas Hiller without a rebound.
8:33 of 2nd period - Dave Bolland wins face-off versus Pavel Datsyuk in Canadiens zone.
8:54 of 2nd period - Shot by Pavel Datsyuk.
8:54 of 2nd period - Stopped by Semyon Varlamov without a rebound.
8:55 of 2nd period - Jonathan Toews wins face-off versus Tim Stapleton in Panthers zone.
9:04 of 2nd period - Shot by Tim Stapleton.
9:04 of 2nd period - Stopped by Jonas Hiller without a rebound.
9:05 of 2nd period - Dave Bolland wins face-off versus Pavel Datsyuk in Canadiens zone.
9:05 of 2nd period - Kyle Quincey is hit by Travis Hamonic and loses puck.
9:08 of 2nd period - Shot by Dave Bolland.
9:08 of 2nd period - Shot Blocked by Marc-Edouard Vlasic.
9:10 of 2nd period - Shot by Dave Bolland.
9:10 of 2nd period - Shot Misses the Net.
10:43 of 2nd period - Shot by Andy McDonald.
10:43 of 2nd period - Deflect By Jonathan Toews.
10:43 of 2nd period - Shot Misses the Net.
10:45 of 2nd period - Shot by Andy McDonald.
10:45 of 2nd period - Shot Misses the Net.
11:04 of 2nd period - Andy McDonald is hit by Kevin Klein and loses puck.
11:35 of 2nd period - Icing by TJ Brodie.
11:36 of 2nd period - Brandon Dubinsky wins face-off versus Andrew Cogliano in Canadiens zone.
12:03 of 2nd period - Shot by Viktor Stalberg.
12:03 of 2nd period - Stopped by Jonas Hiller without a rebound.
12:04 of 2nd period - Boyd Gordon wins face-off versus Dave Bolland in Canadiens zone.
13:05 of 2nd period - Off-side.
13:06 of 2nd period - Pavel Datsyuk wins face-off versus Tim Stapleton in neutral zone.
13:06 of 2nd period - Pavel Datsyuk is hit by Colin Greening.
13:46 of 2nd period - Lee Stempniak is hit by Travis Hamonic and loses puck.
14:03 of 2nd period - Shot by Jonathan Toews.
14:03 of 2nd period - Stopped by Semyon Varlamov without a rebound.
14:04 of 2nd period - Andrew Cogliano wins face-off versus Jonathan Toews in Panthers zone.
14:25 of 2nd period - Shot by Jonathan Toews.
14:25 of 2nd period - Shot Misses the Net.
14:27 of 2nd period - Shot by Alex Goligoski.
14:27 of 2nd period - Shot Misses the Net.
14:29 of 2nd period - Shot by TJ Brodie.
14:29 of 2nd period - Stopped by Semyon Varlamov without a rebound.
14:30 of 2nd period - Dave Bolland wins face-off versus Logan Couture in Panthers zone.
15:03 of 2nd period - Dave Bolland is hit by Brandon Dubinsky and loses puck.
15:11 of 2nd period - Minor Penalty to Kyle Quincey for Hooking.
15:12 of 2nd period - Jordan Eberle wins face-off versus Viktor Stalberg in Panthers zone.
15:23 of 2nd period - Shot by Jordan Eberle.
15:23 of 2nd period - Stopped by Semyon Varlamov without a rebound.
15:24 of 2nd period - Daniel Alfredsson wins face-off versus Jonathan Toews in Panthers zone.
15:58 of 2nd period - Icing by Andy McDonald.
15:59 of 2nd period - David Clarkson wins face-off versus Daniel Alfredsson in Canadiens zone.
16:42 of 2nd period - Shot by Pavel Datsyuk.
16:42 of 2nd period - Shot Blocked by Daniel Alfredsson.
17:10 of 2nd period - Shot by Derek Morris.
17:10 of 2nd period - Stopped by Semyon Varlamov without a rebound.
17:11 of 2nd period - Tim Stapleton wins face-off versus Logan Couture in Panthers zone.
17:22 of 2nd period - Shot by Alex Goligoski.
17:22 of 2nd period - Shot Blocked by Kevin Klein.
17:44 of 2nd period - Shot by Brandon Dubinsky.
17:44 of 2nd period - Shot Misses the Net.
17:46 of 2nd period - Shot by Andrei Kostitsyn.
17:46 of 2nd period - Stopped by Semyon Varlamov without a rebound.
17:47 of 2nd period - Sam Gagner wins face-off versus Jonathan Toews in Panthers zone.
17:53 of 2nd period - Kyle Quincey is hit by Travis Hamonic and loses puck.
18:06 of 2nd period - Shot by Daniel Alfredsson.
18:06 of 2nd period - Shot Misses the Net.
18:30 of 2nd period - Shot by Sam Gagner.
18:30 of 2nd period - Shot Misses the Net.
19:08 of 2nd period - Shot by Jordan Eberle.
19:08 of 2nd period - Shot Misses the Net.
19:10 of 2nd period - Shot by Pascal Dupuis.
19:10 of 2nd period - Deflect By Jordan Eberle.
19:10 of 2nd period - Shot Blocked by Kyle Quincey.
19:12 of 2nd period - Shot by Pascal Dupuis.
19:12 of 2nd period - Stopped by Semyon Varlamov without a rebound.
19:13 of 2nd period - Logan Couture wins face-off versus Andrew Cogliano in Panthers zone.
19:17 of 2nd period - Brandon Dubinsky is hit by Niklas Kronwall and loses puck.
19:32 of 2nd period - Shot by Andrei Kostitsyn.
19:32 of 2nd period - Shot Blocked by Craig Smith.
19:53 of 2nd period - Icing by Brandon Dubinsky.
19:54 of 2nd period - Brandon Dubinsky wins face-off versus Dave Bolland in Canadiens zone.

3rd period


0:01 of 3rd period - Dave Bolland wins face-off versus Pavel Datsyuk in neutral zone.
0:04 of 3rd period - Shot by Kevin Klein.
0:04 of 3rd period - Deflect By Clarke MacArthur.
0:04 of 3rd period - Shot Misses the Net.
0:13 of 3rd period - Shot by Dave Bolland.
0:13 of 3rd period - Goal by Dave Bolland - Canadiens : 1 - Panthers : 3.
0:14 of 3rd period - Jonathan Toews wins face-off versus Andrew Cogliano in neutral zone.
0:33 of 3rd period - Shot by Andy McDonald.
0:33 of 3rd period - Deflect By Jonathan Toews.
0:33 of 3rd period - Shot Misses the Net.
0:35 of 3rd period - Shot by Jonathan Toews.
0:35 of 3rd period - Goal by Jonathan Toews - Canadiens : 2 - Panthers : 3.
0:36 of 3rd period - Pavel Datsyuk wins face-off versus Dave Bolland in neutral zone.
1:06 of 3rd period - Dave Bolland is hit by Travis Hamonic and loses puck.
1:17 of 3rd period - Shot by Clarke MacArthur.
1:17 of 3rd period - Goal by Clarke MacArthur - Canadiens : 2 - Panthers : 4.
1:17 of 3rd period - Curtis Sanford enters game.
1:18 of 3rd period - Jonathan Toews wins face-off versus Sam Gagner in neutral zone.
2:23 of 3rd period - Alex Goligoski is hit by Viktor Stalberg and loses puck.
2:46 of 3rd period - Alex Goligoski is hit by Kyle Quincey and loses puck.
2:58 of 3rd period - Andrew Cogliano is hit by Alex Goligoski and loses puck.
3:07 of 3rd period - Johnny Oduya is hit by Brandon Dubinsky and loses puck.
3:19 of 3rd period - Minor Penalty to Travis Hamonic for High sticking.
3:20 of 3rd period - Sam Gagner wins face-off versus Pavel Datsyuk in Canadiens zone.
3:25 of 3rd period - Shot by Niklas Kronwall.
3:25 of 3rd period - Shot Misses the Net.
3:27 of 3rd period - Shot by Niklas Kronwall.
3:27 of 3rd period - Stopped by Curtis Sanford without a rebound.
3:28 of 3rd period - Sam Gagner wins face-off versus Pavel Datsyuk in Canadiens zone.
3:40 of 3rd period - Shot by Sam Gagner.
3:40 of 3rd period - Shot Blocked by Marc-Edouard Vlasic.
3:42 of 3rd period - Shot by Niklas Kronwall.
3:42 of 3rd period - Shot Misses the Net.
3:44 of 3rd period - Shot by Jiri Hudler.
3:44 of 3rd period - Shot Blocked by Dustin Byfuglien.
4:23 of 3rd period - Icing by Johnny Oduya.
4:24 of 3rd period - Pavel Datsyuk wins face-off versus Dave Bolland in Panthers zone.
4:52 of 3rd period - Niklas Kronwall is hit by Jonathan Toews and loses puck.
5:05 of 3rd period - Shot by Daniel Alfredsson.
5:05 of 3rd period - Stopped by Curtis Sanford without a rebound.
5:06 of 3rd period - Dave Bolland wins face-off versus Andy McDonald in Canadiens zone.
5:15 of 3rd period - Shot by Ryan Smyth.
5:15 of 3rd period - Deflect By Viktor Stalberg.
5:15 of 3rd period - Shot Misses the Net.
5:40 of 3rd period - Cal Clutterbuck is hit by Colin Greening and loses puck.
6:34 of 3rd period - Icing by Colin Greening.
6:35 of 3rd period - Colin Greening wins face-off versus Pavel Datsyuk in Panthers zone.
7:54 of 3rd period - David Clarkson is hit by Luca Sbisa and loses puck.
7:59 of 3rd period - Shot by Jonathan Toews.
7:59 of 3rd period - Stopped by Semyon Varlamov without a rebound.
8:00 of 3rd period - Viktor Stalberg wins face-off versus Logan Couture in Panthers zone.
8:00 of 3rd period - Viktor Stalberg is hit by Brandon Dubinsky.
8:13 of 3rd period - Dustin Byfuglien is hit by Kyle Quincey and loses puck.
8:20 of 3rd period - Shot by Logan Couture.
8:20 of 3rd period - Shot Misses the Net.
8:31 of 3rd period - Shot by Brandon Dubinsky.
8:31 of 3rd period - Shot Misses the Net.
8:33 of 3rd period - Shot by Derek Morris.
8:33 of 3rd period - Shot Misses the Net.
8:43 of 3rd period - Shot by Logan Couture.
8:43 of 3rd period - Stopped by Semyon Varlamov without a rebound.
8:44 of 3rd period - Pavel Datsyuk wins face-off versus Sam Gagner in Panthers zone.
8:45 of 3rd period - Shot by Pascal Dupuis.
8:45 of 3rd period - Shot Blocked by Luca Sbisa.
9:08 of 3rd period - Icing by Marc-Edouard Vlasic.
9:09 of 3rd period - Dave Bolland wins face-off versus Pavel Datsyuk in Canadiens zone.
9:10 of 3rd period - Shot by Clarke MacArthur.
9:10 of 3rd period - Stopped by Curtis Sanford with a rebound.
10:09 of 3rd period - Niklas Kronwall is hit by David Clarkson and loses puck.
10:15 of 3rd period - Off-side.
10:16 of 3rd period - Logan Couture wins face-off versus Sam Gagner in neutral zone.
10:19 of 3rd period - Shot by Brandon Dubinsky.
10:19 of 3rd period - Shot Misses the Net.
10:21 of 3rd period - Shot by Brandon Dubinsky.
10:21 of 3rd period - Shot Misses the Net.
10:33 of 3rd period - Shot by Andrei Kostitsyn.
10:33 of 3rd period - Goal by Andrei Kostitsyn - Canadiens : 3 - Panthers : 4.
10:34 of 3rd period - Andrew Cogliano wins face-off versus Mason Raymond in neutral zone.
10:48 of 3rd period - Shot by Boyd Gordon.
10:48 of 3rd period - Stopped by Semyon Varlamov without a rebound.
10:49 of 3rd period - Sam Gagner wins face-off versus Jordan Eberle in Panthers zone.
10:49 of 3rd period - Sam Gagner is hit by Pascal Dupuis.
11:25 of 3rd period - Shot by Pascal Dupuis.
11:25 of 3rd period - Shot Misses the Net.
11:33 of 3rd period - Shot by Pavel Datsyuk.
11:33 of 3rd period - Shot Misses the Net.
11:40 of 3rd period - Off-side.
11:41 of 3rd period - Jonathan Toews wins face-off versus Dave Bolland in neutral zone.
11:51 of 3rd period - Icing by Kevin Klein.
11:52 of 3rd period - Logan Couture wins face-off versus Dave Bolland in Panthers zone.
12:15 of 3rd period - Andrei Kostitsyn is hit by Jiri Hudler and loses puck.
12:41 of 3rd period - Icing by Travis Hamonic.
12:42 of 3rd period - Sam Gagner wins face-off versus Logan Couture in Canadiens zone.
12:43 of 3rd period - Shot by Daniel Alfredsson.
12:43 of 3rd period - Shot Misses the Net.
12:47 of 3rd period - Shot by Sam Gagner.
12:47 of 3rd period - Stopped by Curtis Sanford without a rebound.
12:48 of 3rd period - Sam Gagner wins face-off versus Pavel Datsyuk in Canadiens zone.
13:03 of 3rd period - Luca Sbisa is hit by Pavel Datsyuk.
14:50 of 3rd period - Icing by Travis Hamonic.
14:51 of 3rd period - Dave Bolland wins face-off versus Boyd Gordon in Canadiens zone.
16:44 of 3rd period - Dustin Byfuglien is hit by Niklas Kronwall and loses puck.
16:47 of 3rd period - Shot by Pascal Dupuis.
16:47 of 3rd period - Goal by Pascal Dupuis - Canadiens : 4 - Panthers : 4.
16:48 of 3rd period - Jonathan Toews wins face-off versus Craig Smith in neutral zone.
16:50 of 3rd period - TJ Brodie is hit by Kyle Quincey and loses puck.
16:55 of 3rd period - Shot by David Clarkson.
16:55 of 3rd period - Stopped by Semyon Varlamov without a rebound.
16:56 of 3rd period - Jonathan Toews wins face-off versus Dave Bolland in Panthers zone.
17:42 of 3rd period - Icing by Kevin Klein.
17:43 of 3rd period - Dave Bolland wins face-off versus Pavel Datsyuk in Panthers zone.
17:45 of 3rd period - Niklas Kronwall is hit by Pascal Dupuis and loses puck.
17:58 of 3rd period - Off-side.
17:59 of 3rd period - Logan Couture wins face-off versus Andrew Cogliano in neutral zone.
17:59 of 3rd period - Dustin Byfuglien is hit by Andrew Cogliano and loses puck.
18:00 of 3rd period - Minor Penalty to Andrew Cogliano for Roughing.
18:01 of 3rd period - Pavel Datsyuk wins face-off versus Daniel Alfredsson in Panthers zone.
18:01 of 3rd period - Dustin Byfuglien is hit by Kyle Quincey and loses puck.
18:14 of 3rd period - Pascal Dupuis is hit by Kyle Quincey and loses puck.
18:37 of 3rd period - Shot by Jordan Eberle.
18:37 of 3rd period - Stopped by Semyon Varlamov without a rebound.
18:38 of 3rd period - David Clarkson wins face-off versus Dave Bolland in Panthers zone.
18:38 of 3rd period - David Clarkson is hit by Niklas Kronwall.
19:31 of 3rd period - Kyle Quincey is hit by Pascal Dupuis and loses puck.

Overtime #1


0:01 of 1st overtime period - Pavel Datsyuk wins face-off versus Dave Bolland in neutral zone.
0:04 of 1st overtime period - Shot by Jonathan Toews.
0:04 of 1st overtime period - Stopped by Semyon Varlamov without a rebound.
0:05 of 1st overtime period - Pavel Datsyuk wins face-off versus Dave Bolland in Panthers zone.
0:12 of 1st overtime period - Shot by Pavel Datsyuk.
0:12 of 1st overtime period - Stopped by Semyon Varlamov without a rebound.
0:13 of 1st overtime period - Pavel Datsyuk wins face-off versus Dave Bolland in Panthers zone.
1:28 of 1st overtime period - Shot by Viktor Stalberg.
1:28 of 1st overtime period - Shot Blocked by Derek Morris.
1:30 of 1st overtime period - Shot by Kyle Quincey.
1:30 of 1st overtime period - Stopped by Curtis Sanford without a rebound.
1:31 of 1st overtime period - Ryan Smyth wins face-off versus Pascal Dupuis in Canadiens zone.
2:20 of 1st overtime period - Shot by Niklas Kronwall.
2:20 of 1st overtime period - Shot Misses the Net.
2:39 of 1st overtime period - Icing by Niklas Kronwall.
2:40 of 1st overtime period - Craig Smith wins face-off versus Pavel Datsyuk in Panthers zone.
2:57 of 1st overtime period - Shot by Pavel Datsyuk.
2:57 of 1st overtime period - Stopped by Semyon Varlamov without a rebound.
2:58 of 1st overtime period - Dave Bolland wins face-off versus Pavel Datsyuk in Panthers zone.
3:11 of 1st overtime period - Shot by Ryan Smyth.
3:11 of 1st overtime period - Stopped by Curtis Sanford with a rebound.
3:38 of 1st overtime period - Travis Hamonic is hit by Dave Bolland and loses puck.
4:28 of 1st overtime period - Kevin Klein is hit by Pascal Dupuis and loses puck.

ShootOut


5:00 of 1st overtime period - Penalty Shot by Pavel Datsyuk for Canadiens.
5:00 of 1st overtime period - Stopped by Semyon Varlamov.
5:00 of 1st overtime period - Penalty Shot by Jiri Hudler for Panthers.
5:00 of 1st overtime period - Goal by Jiri Hudler.
5:00 of 1st overtime period - Penalty Shot by Jonathan Toews for Canadiens.
5:00 of 1st overtime period - Shot Misses the Net.
5:00 of 1st overtime period - Penalty Shot by Daniel Alfredsson for Panthers.
5:00 of 1st overtime period - Goal by Daniel Alfredsson.


Output by the SimonT Hockey Simulator (STHS) for Stephane Roy -- Original Page W3C XHTML 1.0 Valid
Hockey Simulator - Hockey Simulation - Hockey Manager